 Dungeon Crawl Stone Soup version 0.30-a0-358-g0d69a1922f (webtiles) character file.

Game seed: 5573954578530193582

6807 Pooter the Cleaver (level 10, -21/83 HPs)
             Began as a Minotaur Chaos Knight on Nov 11, 2022.
             Was a Plaything of Xom.
             Killed by an exploding kobold brigand (39 damage)
             ... ignited by their inner flame
             ... on level 9 of the Dungeon.
             The game lasted 00:42:41 (8612 turns).

Pooter the Cleaver (Minotaur Chaos Knight)          Turns: 8612, Time: 00:42:43

Health: -21/83     AC: 13    Str: 20      XL:     10   Next: 77%
Magic:  9/9        EV:  8    Int: 13      God:    Xom [......]
Gold:   539        SH:  0    Dex: 14 (15) Spells: 9/9 levels left

rFire   . . .      SeeInvis .    a - +0 battleaxe
rCold   . . .      Faith    .    (shield currently unavailable)
rNeg    . . .      Spirit   .    e - +0 plate armour
rPois   +          Reflect  .    (helmet unavailable)
rElec   .          Harm     .    u - +0 cloak
rCorr   +          Rampage  .    s - +0 pair of gloves
Will    .....                    (no boots)
Stlth   ..........               (no amulet)
HPRegen 0.33/turn                C - ring of resist corrosion
MPRegen 0.11/turn                L - +6 ring of dexterity

@: no status effects
A: horns 3, retaliatory headbutt, hooves 1, clever 1, deterioration 1, frail 1,
mutation resistance 1, poison resistance
a: Renounce Religion


You were on level 9 of the Dungeon.
You worshipped Xom.
You were a very special plaything of Xom.
You visited 1 branch of the dungeon, and saw 9 of its levels.

You collected 539 gold pieces.

Inventory:

Hand Weapons
 a - a +0 battleaxe (weapon)
   (You took it off an orc warrior on level 8 of the Dungeon)
 b - a +0 shortbow
   (You took it off a centaur on level 6 of the Dungeon)
 y - a +2 rapier of protection
   (You took it off a hobgoblin on level 4 of the Dungeon)
 A - a +4 whip
   (You found it on level 5 of the Dungeon)
 E - a +0 hand axe of chaos
 J - a +2 spear of venom
   (You took it off a gnoll on level 7 of the Dungeon)
 P - a +1 falchion of holy wrath
   (You took it off an orc on level 7 of the Dungeon)
 R - a +1 war axe
   (You took it off an orc on level 6 of the Dungeon)
Missiles
 i - a throwing net {!f}
 G - 19 poisoned darts (quivered)
 M - a javelin
 Q - 72 stones
Armour
 d - a +0 buckler
   (You found it on level 1 of the Dungeon)
 e - a +0 plate armour (worn)
   (You found it on level 2 of the Dungeon)
 m - an orb of mayhem
   (You found it on level 2 of the Dungeon)
 s - a +0 pair of gloves (worn)
   (You found it on level 3 of the Dungeon)
 u - a +0 cloak (worn)
   (You took it off Maurice on level 8 of the Dungeon)
 K - a +2 leather armour
Jewellery
 l - a ring of fire
   (You found it on level 2 of the Dungeon)
 q - a ring of ice
   (You found it on level 4 of the Dungeon)
 C - a ring of resist corrosion (left hand)
   (You found it on level 3 of the Dungeon)
 L - a +6 ring of dexterity (right hand)
   (You found it on level 6 of the Dungeon)
Wands
 f - a wand of flame (14)
   (You found it on level 3 of the Dungeon)
 D - a wand of digging (5)
   (You found it on level 7 of the Dungeon)
Scrolls
 h - 2 scrolls of poison
 k - 7 scrolls of teleportation {unknown}
 o - a scroll of vulnerability {!r}
 r - a scroll of butterflies
 t - a scroll of summoning
 z - a scroll of silence
 F - a scroll of immolation {!r}
 I - a scroll of fear
Potions
 g - a potion of curing {unknown}
 j - a potion of ambrosia {unknown}
 n - a potion of heal wounds {@q2}
 p - a potion of brilliance {unknown}
 v - a potion of flight {unknown}
 w - a potion of magic {unknown}
 x - 5 potions of attraction {!q}
 B - a potion of degeneration {unknown}
 H - a potion of cancellation
 N - a potion of lignification {unknown}
Miscellaneous
 c - a piece from Xom's chessboard (11/15)
 S - a phantom mirror (inert)
   (You found it on level 8 of the Dungeon)


   Skills:
 + Level 9.9 Fighting
 * Level 13.3 Axes
 * Level 2.1 Ranged Weapons
 - Level 2.4 Armour
 + Level 8.4 Dodging
 + Level 5.1 Evocations


You had 9 spell levels left.
You didn't know any spells.
Your spell library contained the following spells:

 Spells                   Type           Power      Damage    Failure   Level
 Beastly Appendage        Tmut           0%         N/A       100%        1
 Freeze                   Ice            0%         1d3       100%        1
 Frozen Ramparts          Ice            0%         1d1       100%        3
 Hailstorm                Conj/Ice       0%         3d3       100%        3
 Ignite Poison            Fire/Tmut/Pois 0%         N/A       100%        3
 Inner Flame              Hex/Fire       0%         N/A       100%        3
 Flame Wave               Conj/Fire      0%         2d4       100%        4
 Ice Form                 Ice/Tmut       0%         N/A       100%        4
 Sticky Flame             Conj/Fire      0%         2d3       100%        4
 Summon Ice Beast         Ice/Summ       0%         N/A       100%        4
 Yara's Violent Unravell  Hex/Tmut       0%         3d3       100%        5


Dungeon Overview and Level Annotations

Branches:
Dungeon (9/15)             Temple (0/1) D:5            Lair (0/5) D:8
    Orc: D:9-12

Altars:
Fedhas
Gozag
Ru
Uskayaw
Wu Jian
Yredelemnul
Zin
The Shining One

Shops:
D:3 :


Innate Abilities, Weirdness & Mutations

You have a pair of large horns on your head.
You reflexively headbutt those who attack you in melee.
You have large cloven feet.
Your mind is acute. (Int +4, Str/Dex -1)
Your body sometimes deteriorates upon taking damage.
You are frail. (-10% HP)
You are somewhat resistant to further mutation.
Your system is resistant to poisons. (rPois)


Message History

Really read
F - 2 scrolls of immolation {!r}?
Really read the scroll of immolation?
As you read the scroll of immolation {!r}, it crumbles to dust.
The creatures around you are filled with an inner flame!
The kobold shouts! x6; The kobold brigand shouts!
The kobold shouts! x3
The kobold brigand shouts!
The kobold shouts!
The kobold throws a stone.
The stone hits you but does no damage.
You closely miss the kobold.
The kobold brigand throws a poisoned dart.
The poisoned dart hits you. The kobold hits you but does no damage.
The kobold throws a stone.
The stone hits you but does no damage.
You closely miss the kobold. Your headbutt misses the kobold.
The kobold hits you but does no damage.
You open the door. 2 kobolds come into view.
You feel a little less clever now.
The kobold shouts! x2; You hear a shout! x3
The kobold brigand barely misses you. The kobold closely misses you.
The kobold hits you but does no damage.
The kobold moves out of view.
You hear a shout! 2 kobolds and 2 kobold brigands come into view.
A kobold brigand is wielding a +4 whip of flaming and quivering curare-tipped darts.
A kobold brigand is wielding a +0 club and quivering poisoned darts.
The kobold brigand shouts!
The kobold shouts!
The kobold brigand shouts!
The kobold hits you but does no damage. x2; The kobold closely misses you.
You furiously retaliate!
You headbutt the kobold. The kobold barely misses you.
There is an open door here.
You hit the kobold but do no damage.
Flame seeps out of the kobold.
You kick the kobold. You headbutt the kobold. You slash the kobold!
You kill the kobold!
You closely miss the kobold. You slash the kobold! You hit the kobold brigand.
Flame seeps out of the kobold brigand.
The kobold explodes!
The fiery explosion engulfs the kobold!! x3
The fiery explosion engulfs you!!!
* * * LOW HITPOINT WARNING * * *
Your body deteriorates!
You feel clumsy.
The kobold explodes!
The fiery explosion engulfs the kobold brigand!!!
The kobold brigand explodes!
The fiery explosion engulfs the kobold!!!
The fiery explosion engulfs the kobold!!
The fiery explosion engulfs the kobold!!!
The fiery explosion engulfs the kobold!!
The kobold explodes!
The fiery explosion engulfs the kobold brigand!!
The fiery explosion engulfs the kobold!!
The kobold explodes!
The kobold brigand explodes!
The fiery explosion engulfs you!!!
You die...
Xom guffaws!

, ,,,.............†.#*
*
,,,....##..#.........#
* ,,
,,.8.,,#.........##.# ,
##+++## ...........># *
.......##.#..###.#..#,,
,........#....# #.#....
,......§§######
#.#..### ,
.....§§§#...#,,..#... ,
....)§§○@)K.# **** **
,....)§§○#KK.# * * *
,.8..K8§§#...# ,
##+++##§#...# ###.KK#
.. #..# .. ..# .. ..#
..


You could see 2 kobold brigands and 4 kobolds.

Vanquished Creatures
  Gastronok (D:8)
  A two-headed ogre (D:8)
  A boulder beetle (D:9)
  The ghost of logorrheac the Thrower, a novice GnWn of Qazlal (D:8)
  Maurice (D:8)
  Maggie (D:8)
  A slime creature (D:8)
  A yak (D:8)
  A steam dragon (D:8)
  4 water moccasins
  2 black bears (D:5)
  An ice beast (D:6)
  2 orc warriors
  2 sky beasts
  2 centaurs
  2 kobold brigands (D:9)
  5 bullfrogs
  A necrophage (D:4)
  2 gnoll sergeants
  6 scorpions
  2 howler monkeys (D:8)
  7 hounds
  A jelly (D:4)
  An iguana (D:4)
  2 orc wizards (D:4)
  10 gnolls
  9 adders
  A shadow imp (D:7)
  A white imp (D:7)
  A worm (D:4)
  4 dart slugs
  15 orcs
  9 ball pythons
  2 endoplasms
  2 giant cockroaches
  7 goblins
  10 hobgoblins
  4 jackals (D:1)
  4 quokkas
  2 bats
  A frilled lizard (D:1)
  15 kobolds
  6 rats
154 creatures vanquished.

Vanquished Creatures (collateral kills)
  An orc warrior (D:7)
  An orc priest (D:6)
  A gnoll bouda (D:7)
  An orc wizard (D:7)
  3 gnolls (D:7)
  8 orcs
15 creatures vanquished.

Vanquished Creatures (others)
  A hound (D:4)
  An orc (D:8)
  A goblin zombie (D:2)
  2 fungi (D:8)
  2 plants (D:8)
7 creatures vanquished.

Grand Total: 176 creatures vanquished

Notes
Turn   | Place    | Note
-------+----------+-------------------------------------------
     0 | D:1      | Pooter the Minotaur Chaos Knight began the quest for the
                  | Orb.
     0 | D:1      | Reached XP level 1. HP: 19/19 MP: 0/0
   142 | D:1      | Reached skill level 4 in Axes
   142 | D:1      | Reached XP level 2. HP: 27/27 MP: 1/1
   287 | D:1      | XOM: noise
   617 | D:1      | XOM: give mutations
   617 | D:1      | Gained mutation: You are somewhat resistant to further
                  | mutation. [Xom's grace]
   617 | D:1      | Gained mutation: You are somewhat resistant to both further
                  | mutation and mutation removal. [Xom's grace]
   617 | D:1      | Gained mutation: Your system is resistant to poisons.
                  | (rPois) [Xom's grace]
   617 | D:1      | Gained mutation: You have large cloven feet. [Xom's grace]
   846 | D:2      | Reached XP level 3. HP: 31/33 MP: 2/2
  1097 | D:2      | XOM: fake destruction
  1124 | D:2      | Found a faded altar of an unknown god.
  1269 | D:2      | Reached skill level 5 in Axes
  1269 | D:2      | Reached XP level 4. HP: 41/41 MP: 3/3
  1308 | D:2      | You fall into a shaft and drop 2 floors!
  1337 | D:4      | XOM: divination: detect items
  1353 | D:4      | XOM: cloud trail
  1512 | D:3      | XOM: 6-stop teleportation journey
  1680 | D:3      | Found a basalt altar of Yredelemnul.
  1682 | D:3      | Noticed a profane servitor
  1687 | D:3      | Found a glowing golden altar of the Shining One.
  2058 | D:3      | Found Kaut's Book Shoppe.
  2251 | D:3      | Noticed an angel
  2299 | D:4      | Found a glowing silver altar of Zin.
  2308 | D:4      | XOM: give mutations
  2308 | D:4      | Gained mutation: You have a pair of large horns on your
                  | head. [Xom's grace]
  2308 | D:4      | Gained mutation: Your mind is acute. (Int +4, Str/Dex -1)
                  | [Xom's grace]
  2308 | D:4      | Gained mutation: Your muscles are strong. (Str +4, Int/Dex
                  | -1) [Xom's grace]
  2396 | D:4      | XOM: divination: magic mapping
  2430 | D:4      | Reached XP level 5. HP: 44/47 MP: 4/4
  2470 | D:4      | Reached skill level 5 in Fighting
  2470 | D:4      | Reached skill level 6 in Axes
  2502 | D:4      | Reached XP level 6. HP: 50/56 MP: 5/5
  2504 | D:4      | XOM: enchant monster (good)
  2659 | D:4      | Reached skill level 7 in Axes
  3047 | D:4      | Found an opulent altar of Gozag.
  3091 | D:4      | Reached XP level 7. HP: 62/62 MP: 6/6
  3134 | D:5      | Entered Level 5 of the Dungeon
  3158 | D:5      | XOM is BORED!
  3158 | D:5      | XOM: give mutation
  3158 | D:5      | Gained mutation: Your body sometimes deteriorates upon
                  | taking damage. [Xom's mischief]
  3187 | D:5      | Got the Folio of the Blind Marksman
  3211 | D:5      | Found a staircase to the Ecumenical Temple.
  3497 | D:5      | Reached skill level 8 in Axes
  3587 | D:5      | Found a blossoming altar of Fedhas.
  3644 | D:5      | XOM: 1-stop teleportation journey
  3645 | D:5      | XOM: scenery: summon butterflies
  3908 | D:5      | XOM: god gift: 19 gold pieces
  3915 | D:5      | XOM: cloud trail
  4096 | D:6      | Reached skill level 5 in Dodging
  4142 | D:6      | Reached XP level 8. HP: 71/71 MP: 7/7
  4154 | D:6      | Reached skill level 9 in Axes
  4357 | D:6      | Found a hide-covered altar of Uskayaw.
  4359 | D:6      | XOM: scenery: 1 doors open
  4434 | D:6      | Found a sacrificial altar of Ru.
  4466 | D:6      | XOM: give mutations
  4466 | D:6      | Gained mutation: You are frail. (-10% HP) [Xom's mischief]
  4466 | D:6      | Lost mutation: You are somewhat resistant to both further
                  | mutation and mutation removal. [Xom's mischief]
  4466 | D:6      | Lost mutation: Your muscles are strong. (Str +4, Int/Dex
                  | -1) [Xom's mischief]
  4483 | D:6      | Reached skill level 1 in Evocations
  4829 | D:7      | XOM: scenery: 3 doors open
  4858 | D:7      | Reached skill level 10 in Axes
  4968 | D:7      | XOM: 2-stop teleportation journey
  5144 | D:7      | XOM: god gift: staff of death
  5249 | D:7      | XOM: god gift: javelin
  5393 | D:7      | XOM: 7-stop teleportation journey
  5712 | D:7      | Reached XP level 9. HP: 69/72 MP: 8/8
  6071 | D:8      | XOM: 4-stop teleportation journey
  6115 | D:8      | Noticed a two-headed ogre
  6119 | D:8      | XOM: smoke on damage
  6120 | D:8      | Killed a two-headed ogre
  6121 | D:8      | Reached skill level 11 in Axes
  6325 | D:8      | XOM: 1-stop teleportation journey
  6397 | D:8      | XOM: silly message
  6503 | D:8      | Found an ornate altar of the Wu Jian Council.
  6602 | D:8      | XOM: god gift: sapphire potion {god gift}
  6664 | D:8      | Noticed Maurice
  6667 | D:8      | XOM: noise
  6667 | D:8      | Noticed Gastronok
  6694 | D:8      | Killed Gastronok
  6695 | D:8      | Reached skill level 12 in Axes
  6695 | D:8      | Reached XP level 10. HP: 17/81 MP: 9/9
  6703 | D:8      | Killed Maurice
  7122 | D:8      | Found a staircase to the Lair.
  7320 | D:8      | Found a runed translucent door.
  7320 | D:8      | Noticed logorrheac's ghost (novice GnWn)
  7415 | D:8      | Noticed Maggie
  7418 | D:8      | XOM: smoke on damage
  7429 | D:8      | Killed Maggie
  7751 | D:8      | XOM: summons friendly iron imp
  7762 | D:8      | Killed logorrheac's ghost
  7763 | D:8      | Reached skill level 13 in Axes
  8076 | D:9      | Noticed a boulder beetle
  8326 | D:9      | XOM: divination: magic mapping
  8334 | D:9      | XOM: confuse monster(s)
  8533 | D:9      | XOM: potion effect (brilliance)
  8554 | D:9      | Killed a boulder beetle
  8555 | D:9      | Reached skill level 5 in Evocations
  8606 | D:9      | XOM: 6-stop teleportation journey
  8612 | D:9      | Killed by an exploding kobold brigand... ignited by their
                  | inner flame

Illustrated notes

Levels and vault maps discovered:
D:1:      shiori_arrival_maze, layout_basic
D:2:      layout_loops_ring, shapermc_ecumenical_altar_acropolis
D:3:      layout_basic, grunt_temple_overflow_holy_war, serial_shops, shop
D:4:      layout_basic, pdpol_temple_overflow_zin_treasury_gozag_greed
D:5:      layout_basic, mainiacjoe_overflow_six_doors_small,
          minmay_temple_entry_mist
D:6:      hellmonk_ruined_rings, layout_gridville,
          nicolae_ru_the_path_less_chosen, mainiacjoe_overflow_alcove_2
D:7:      layout_gridville
D:8:      layout_loops_corners, mainiacjoe_overflow_catwalk,
          grunt_lair_entry_orc_guard_hut, ebering_ghost_inner_flame,
          uniq_maggie, uniq_gastronok, uniq_maurice
D:9:      wander_kiku_kobolds, layout_basic, orc_0_dummy

Skill      XL: |  1  2  3  4  5  6  7  8  9 10 |
---------------+-------------------------------+-----
Axes           | 4 5 6 7 8 10 12 13 | 13.3
Fighting       | 4 5 6 7 9 |  9.9
Dodging        | 2 3 4 5 6 7 8 |  8.4
Evocations     | 2 4 5 |  5.1
Ranged Weapons | 2 |  2.1
Armour         | |  2.4

Action                   |  1- 3 |  4- 6 |  7- 9 | 10-12 || total
-------------------------+-------+-------+-------+-------++-------
Melee: Hand axe          |    97 |    85 |    44 |       ||   226
       Headbutt          |     9 |    11 |    32 |    27 ||    79
       Kick              |     4 |    20 |    66 |    40 ||   130
       Whip              |       |       |    20 |       ||    20
       War axe           |       |       |   126 |    51 ||   177
       Battleaxe         |       |       |       |    33 ||    33
Throw: Dart              |       |       |    14 |       ||    14
Evoke: Piece from Xom's  |     1 |       |     4 |     4 ||     9
       Wand              |       |       |    15 |     1 ||    16
       Phantom mirror    |       |       |       |     1 ||     1
  Use: Scroll            |     2 |     3 |    10 |     1 ||    16
       Potion            |       |       |     1 |     3 ||     4
 Stab: Paralysed         |     2 |       |       |     1 ||     3
       Distracted        |       |       |       |     1 ||     1
       Confused          |       |       |       |     1 ||     1
Armor: Leather armour    |    25 |       |       |       ||    25
       Plate armour      |    28 |    38 |   122 |    20 ||   208
Dodge: Dodged            |    38 |    17 |    60 |    20 ||   135
Block: Buckler           |     2 |     4 |    28 |     4 ||    38

Table legend: (Time is in decaauts)
 A = Elapsed time spent in this place.
 B = Non-inter-level travel time spent in this place.
 C = Inter-level travel time spent in this place.
 D = Time resting spent in this place.
 E = Time spent auto-exploring this place.
 F = Levels seen in this place.
 G = Mean time per level.
                   A        B        C        D        E       F      G
               +--------+--------+--------+--------+--------+-----+--------+
         Total |   8627 |   8443 |    184 |   1586 |   5206 |   9 |  958.6 |
       Dungeon |   8627 |   8443 |    184 |   1586 |   5206 |   9 |  958.6 |
               +--------+--------+--------+--------+--------+-----+--------+

Top non-repeatable levels by time:
     D:8: 2533 daAuts
     D:7: 1136 daAuts
     D:4: 931 daAuts
     D:5: 893 daAuts
     D:1: 776 daAuts
     D:6: 775 daAuts
     D:3: 734 daAuts
     D:2: 709 daAuts
     D:9: 138 daAuts
